 Dungeon Crawl Stone Soup version 0.30-a0-778-g2ef04afb54 (webtiles) character file.

Game seed: 4422019393868071599

145 theswoord the Chiller (level 5, 0/42 HPs)
             Began as a Naga Ice Elementalist on Feb 15, 2023.
             Killed by divine providence
             ... invoked by an orc priest
              (14 damage)
             ... on level 3 of the Dungeon.
             The game lasted 00:05:43 (2600 turns).

theswoord the Chiller (Naga Ice Elementalist)       Turns: 2600, Time: 00:05:43

Health: 0/42       AC:  5    Str: 10    XL:     5   Next: 27%
Magic:  7/10       EV:  9    Int: 18    God:
Gold:   81         SH:  0    Dex: 11    Spells: 4/11 levels left

rFire   . . .      SeeInvis +    h - +0 spear
rCold   . . .      Faith    .    k - orb {mayhem}
rNeg    . . .      Spirit   .    a - +0 robe
rPois   +          Reflect  .    j - +2 helmet
rElec   .          Harm     .    (no cloak)
rCorr   .          Rampage  .    (no gloves)
Will    .....                    (no barding)
Stlth   ++                       (no amulet)
HPRegen 0.27/turn                (no ring)
MPRegen 0.12/turn                (no ring)

@: freezing walls, very slow
A: AC +1, large, see invisible, deformed body, poison resistance, slowness 2,
spit poison 1, naga tail 1
a: Spit Poison


You were on level 3 of the Dungeon.
You visited 1 branch of the dungeon, and saw 3 of its levels.

You collected 81 gold pieces.

Inventory:

Hand Weapons
 c - a +1 dire flail of holy wrath
 e - a +0 short sword
 h - a +0 spear (weapon)
Armour
 a - a +0 robe (worn)
 j - a +2 helmet (worn)
 k - an orb of mayhem (worn)
 t - +0 ice dragon scales
Wands
 n - a wand of quicksilver (5)
Scrolls
 l - 2 scrolls of brand weapon {unknown}
 p - 2 scrolls of fog
 s - a scroll of teleportation {unknown}
 v - a scroll of fear {unknown}
Potions
 b - a potion of magic
 d - a potion of might
 f - a potion of attraction {unknown}
 g - a potion of heal wounds
 i - a potion of ambrosia {unknown}
 m - a potion of brilliance {unknown}
 o - a potion of cancellation {unknown}
 q - a potion of flight {unknown}
 r - a potion of curing {unknown}
 u - a potion of mutation {unknown}


   Skills:
 - Level 1.5 Dodging
 - Level 3.0 Stealth
 + Level 3.7 Spellcasting
 + Level 5.3 Ice Magic


You had 4 spell levels left.
You knew the following spells:

 Your Spells              Type           Power      Damage    Failure   Level
a - Freeze                Ice            88%        1d9       1%          1
b - Frozen Ramparts       Ice            44%        1d7       4%          3
c - Ozocubu's Armour      Ice            22%        N/A       4%          3

Your spell library contained the following spells:

 Spells                   Type           Power      Damage    Failure   Level
 Summon Ice Beast         Ice/Summ       12%        N/A       45%         4


Dungeon Overview and Level Annotations

Branches:
Dungeon (3/15)

Altars:

Shops:
D:2 :

Annotations:
D:3 3 runed translucent doors, Grinder; Shym's ghost, weakling HOFE


Innate Abilities, Weirdness & Mutations

Your serpentine skin is tough. (AC +1)
You have supernaturally acute eyesight. (SInv)
Armour fits poorly on your strangely shaped body.
Your system is resistant to poisons. (rPois)
You cover ground very slowly.
You can spit poison.
You have a snake-like lower body.


Message History

You freeze the worm.
You kill the worm!
No target in view!
You can't see any susceptible monsters within range! (Use Z to cast anyway.) No target in view!
u - a coppery potion
l - 2 scrolls labelled DOXKIR SIACYR (gained 1)
v - a scroll labelled DENWIA CEYNIM You see here a worm corpse.
You see here an adder corpse.
A rat is nearby!
A rat is nearby!
A rat is nearby! 2 orc priests and 2 orcs come into view.
The orc shouts!
The orc priest shouts!
An orc comes into view. It is wielding a +0 hand axe.
The orc priest invokes the aid of Beogh against you.
Pain shoots through your body!
The orc priest mumbles some strange prayers to Beogh against you.
Pain shoots through your body!
* * * LOW HITPOINT WARNING * * *
The orc moves out of view.
You reach to attack!
You closely miss the orc priest. You closely miss the orc priest.
The orc priest barely misses you. The rat bites you but does no damage.
The walls around you are covered in ice.
The orc priest shouts!
The orc shouts!
The wall freezes the orc!
You kill the orc!
The orc priest looks braver for a moment.
The wall freezes the rat.
You kill the rat!
The orc priest flies into a frenzy!
The wall freezes the orc priest.
The orc priest hits you with a +0 war axe!
* * * LOW HITPOINT WARNING * * *
The wall freezes the orc.
The wall freezes the orc priest.
The orc priest invokes the aid of Beogh against you.
Beogh smites you!
You die...

.#.#####.## ##..##.# .#
##.###.#.##..
#.#####.#.##.####
#...............#
##.######.###.##.. ##
..######.# #.#### ..
.... ..#.# #.#
##o##.##†# #.#.# #.####
..o.)oo@.# #.#.# #....#
..######.# #.#.# #.....
##..##.# #.#.###.....
##..††..####.#........#
##...#....#.....#####..#
#....##.....#.#.###....#
#..##.##....<.......#..#
##..##.#....#.#.###.#..#
###.##...###........#
..#


You could see an orc priest, 2 orcs and a neutral orc priest (fast, strong,
insane, distracted).

Vanquished Creatures
  Ijyb (D:3)
  A gnoll (D:3)
  2 adders
  2 worms
  2 dart slugs (D:3)
  An orc (D:3)
  2 ball pythons
  4 bats
  5 endoplasms
  2 giant cockroaches
  4 goblins (D:2)
  6 hobgoblins
  3 jackals (D:3)
  A quokka (D:1)
  A frilled lizard (D:1)
  4 kobolds
  4 rats
45 creatures vanquished.

Vanquished Creatures (collateral kills)
  3 gnolls (D:3)
  2 giant cockroaches (D:3)
5 creatures vanquished.

Grand Total: 50 creatures vanquished

Notes
Turn   | Place    | Note
-------+----------+-------------------------------------------
     0 | D:1      | theswoord the Naga Ice Elementalist began the quest for the
                  | Orb.
     0 | D:1      | Reached XP level 1. HP: 15/15 MP: 3/3
   486 | D:1      | Reached XP level 2. HP: 22/22 MP: 5/5
  1031 | D:2      | Reached XP level 3. HP: 28/28 MP: 4/6
  1035 | D:2      | Learned a level 3 spell: Frozen Ramparts
  1039 | D:2      | Learned a level 3 spell: Ozocubu's Armour
  1232 | D:2      | Found Buuhu's Book Shoppe.
  1388 | D:2      | Found a faded altar of an unknown god.
  1862 | D:3      | Noticed Grinder
  1889 | D:3      | Reached XP level 4. HP: 32/36 MP: 1/8
  1893 | D:3      | Reached skill level 5 in Ice Magic
  2155 | D:3      | Noticed Ijyb
  2173 | D:3      | Killed Ijyb
  2174 | D:3      | Reached XP level 5. HP: 19/42 MP: 1/10
  2297 | D:3      | Noticed Shym's ghost (weakling HOFE)
  2300 | D:3      | Noticed an orc warrior
  2323 | D:3      | Found a runed translucent gate.
  2323 | D:3      | Found a runed translucent gate.
  2323 | D:3      | Found a runed translucent gate.
  2600 | D:3      | Killed from afar by an orc priest

Skill      XL: |  1  2  3  4 |
---------------+-------------+-----
Spellcasting   | 3 |  3.7
Ice Magic      | 5 |  5.3
Dodging        | |  1.5
Stealth        | |  3.0

Action                     |  1- 3 |  4- 6 || total
---------------------------+-------+-------++-------
  Melee: Spear             |    65 |    28 ||    93
         Unarmed           |     3 |       ||     3
   Cast: Freeze            |    30 |    12 ||    42
         Frozen Ramparts   |     2 |     3 ||     5
         Ozocubu's Armour  |       |     1 ||     1
    Use: Scroll            |     7 |     1 ||     8
   Stab: Sleeping          |     6 |     1 ||     7
         Distracted        |     1 |       ||     1
 Armour: Robe              |    27 |    13 ||    40
  Dodge: Dodged            |    31 |    24 ||    55

Levels and vault maps discovered:
D:1:      sevenhm_arrival_forest_fort_small_4, layout_loops_ring,
          grunt_decor_cap
D:2:      layout_loops_ring, serial_shops, nicolae_lakefront_shop,
          chequers_ecumenical_altar_simple_redux
D:3:      layout_loops_ring, gammafunk_ghost_split, minmay_cupped, uniq_ijyb,
          uniq_grinder
